AoeStats
← 陟遐自迩

African Clearing

506830575Analyzed
4v4 RM · 17d ago on Sep 15, 2026· 54m 24s· 8 players
Game mode
Random Map
Map size
Large (8 player)
Population
200
Speed
Normal
Resources
Standard
Victory
Conquest
Starting age
Dark Age
Ending age
Imperial Age
RankedLock teamsTeams togetherTeam positionsShared explorationLock speedFull tech treeHidden civsTurbo modeCheats
Victory
Defeat
🇩🇪 Chinese · Germany
1093
+17
🇩🇪 Gurjaras · Germany
1079
+18
🇫🇷 Berbers · France
1051
+19
🇮🇪 Burgundians · Ireland
1051
+19
🇨🇳 Mongols · China
1331
-27
🇪🇸 Ethiopians · Spain
1172
-21
🇦🇷 Maya · Argentina
1011
-14
🇨🇳 Persians · China
947
-11
oxymoron
4:10 Loom
14:17 Feudal Age
14:42 Horse Collar
17:54 Wheelbarrow
19:12 Double-Bit Axe
20:12 Double-Bit Axe
22:48 Castle Age
21:42 Fletching
23:43 Bow Saw
25:24 Bodkin Arrow
24:54 Crossbowman
26:34 Gold Mining
28:35 Gold Shaft Mining
28:20 Hand Cart
32:15 Ballistics
33:37 Padded Archer Armor
38:28 Imperial Age
39:23 Heavy Plow
39:12 Elite Skirmisher
40:13 Leather Archer Armor
40:01 Bracer
40:07 Scale Barding Armor
40:13 Forging
41:45 Ring Archer Armor
42:51 Two-Man Saw
44:43 Elite Genitour
47:24 Chemistry
46:55 Husbandry
47:06 Bloodlines
47:00 Light Cavalry
48:22 Chain Barding Armor
48:38 Iron Casting
49:03 Scale Mail Armor
49:41 Plate Barding Armor
54:45 Blast Furnace
redjumper99
3:52 Loom
9:03 Double-Bit Axe
10:57 Horse Collar
14:43 Feudal Age
15:40 Bow Saw
16:00 Gold Mining
17:05 Town Watch
18:00 Stone Mining
20:13 Stone Shaft Mining
21:02 Gold Shaft Mining
24:07 Castle Age
25:25 Wheelbarrow
25:17 Cavalier
32:16 Scale Barding Armor
35:18 Two-Man Saw
35:33 Heavy Plow
37:27 Hand Cart
41:52 Town Patrol
42:31 Fishing Lines
44:22 Husbandry
43:44 Cavalier
45:16 Gillnets
48:30 Forging
50:44 Chain Barding Armor
51:00 Iron Casting
50:22 Treadmill Crane
50:53 Masonry
51:28 Fletching
52:11 Crop Rotation
52:39 Ballistics
53:31 Bodkin Arrow
alabataille
5:21 Loom
13:08 Feudal Age
13:52 Double-Bit Axe
17:58 Wheelbarrow
20:28 Castle Age
20:20 Bloodlines
25:01 Horse Collar
28:59 Hand Cart
29:10 Scale Barding Armor
30:53 Fletching
31:25 Chain Barding Armor
31:07 Padded Archer Armor
31:18 Forging
31:39 Bow Saw
32:05 Heavy Plow
36:27 Imperial Age
34:27 Ballistics
35:06 Kasbah
35:13 Bodkin Arrow
36:17 Husbandry
36:36 Leather Archer Armor
37:23 Bracer
39:25 Conscription
40:50 Chemistry
40:24 Ring Archer Armor
42:33 Crop Rotation
42:56 Cavalier
44:19 Plate Barding Armor
陟遐自迩
4:59 Loom
15:52 Feudal Age
22:18 Castle Age
20:36 Forging
20:33 Scale Barding Armor
22:09 Double-Bit Axe
24:03 Wheelbarrow
26:50 Husbandry
28:32 Bow Saw
29:20 Stone Mining
32:36 Horse Collar
33:43 Bloodlines
34:39 Iron Casting
35:32 Gold Mining
36:11 Kshatriyas
36:54 Gold Shaft Mining
37:13 Chain Barding Armor
41:57 Imperial Age
39:45 Hand Cart
39:15 Town Watch
39:53 Heavy Plow
40:21 Fletching
42:58 Conscription
43:18 Plate Barding Armor
43:12 Frontier Guards
43:37 Crop Rotation
43:39 Heavy Camel Rider
43:43 Elite Shrivamsha Rider
45:52 Scale Mail Armor
47:59 Chain Mail Armor
48:23 Hoardings
49:46 Stone Shaft Mining
54:37 Padded Archer Armor
PILLOSAURIO
11:42 Loom
13:34 Feudal Age
18:59 Castle Age
18:36 Double-Bit Axe
20:33 Crossbowman
21:06 Fletching
21:48 Bow Saw
26:16 Stone Mining
Producto.Machete
20:25 Feudal Age
29:19 Fishing Lines
水母未眠
3:35 Loom
13:50 Feudal Age
15:23 Double-Bit Axe
18:10 Castle Age
16:16 Stone Mining
16:52 Horse Collar
17:11 Town Watch
17:56 Gold Mining
20:40 Bow Saw
20:34 Heavy Plow
23:03 Fletching
27:13 Padded Archer Armor
31:56 Wheelbarrow
32:35 Bodkin Arrow
36:28 Leather Archer Armor
40:20 Imperial Age
40:36 Scale Barding Armor
40:41 Forging
41:06 Elite Mangudai
42:07 Conscription
43:12 Gold Shaft Mining
43:15 Stone Shaft Mining
42:58 Bloodlines
42:48 Husbandry
43:05 Nomads
43:25 Light Cavalry
43:30 Capped Ram
44:40 Onager
46:35 Bracer
47:37 Chemistry
46:58 Ballistics
52:18 Chain Barding Armor
52:25 Masonry
怀里抱着妹
16:07 Feudal Age
17:20 Wheelbarrow
16:32 Double-Bit Axe
20:13 Horse Collar
21:43 Gold Mining
29:00 Castle Age
27:49 Scale Barding Armor
28:01 Bloodlines
29:30 Husbandry
29:50 Hand Cart
29:48 Bow Saw
30:15 Gold Shaft Mining
30:41 Heavy Plow
30:28 Light Cavalry
31:45 Chain Barding Armor
33:43 Stone Mining
35:13 Stone Shaft Mining
36:33 Pikeman
37:27 Padded Archer Armor
37:18 Fletching
37:28 Scale Mail Armor
37:38 Forging
39:59 Leather Archer Armor
39:51 Elite Skirmisher
39:54 Crossbowman
40:39 Thumb Ring
45:12 Imperial Age
44:25 Kamandaran
45:19 Loom
46:40 Two-Man Saw
46:17 Plate Barding Armor
45:49 Cavalier
46:26 Halberdier
46:51 Gambesons
47:07 Squires
46:52 Arson
49:54 Chain Mail Armor
50:10 Ring Archer Armor
50:15 Iron Casting
51:28 Savar
Connection lost

Rejoining the realm…

Still unreachable

The connection could not be restored.

Session expired

The server has moved on; the page needs a fresh start.